 Dungeon Crawl Stone Soup version 0.18.1-48-g4cf74bf (webtiles) character file.

208 Heedrag the Conjurer (level 5, -3/28 HPs)
             Began as a Deep Elf Conjurer on Aug 13, 2016.
             Slain by an ogre
             ... wielding a +0 giant club
              (4 damage)
             ... on level 3 of the Dungeon.
             The game lasted 00:05:49 (2683 turns).

Heedrag the Conjurer (Deep Elf Conjurer)            Turns: 2683, Time: 00:05:50

Health: -3/28      AC:  5    Str:  6    XL:     5   Next: 55%
Magic:  11/14      EV: 13    Int: 20    God:
Gold:   206        SH:  0    Dex: 15    Spells: 3 memorised, 4 levels left

rFire  . . .     SeeInvis .     i - +0 spear
rCold  . . .     Gourm    .     a - +0 robe
rNeg   . . .     Faith    .     (no shield)
rPois  +         Spirit   .     (no helmet)
rElec  .         Dismiss  .     f - +1 cloak
rCorr  .         Reflect  .     q - +0 pair of gloves
SustAt .         Harm     .     (no boots)
MR     .....                    (no amulet)
Stlth  ++........               (no ring)
                                l - ring of poison resistance

@: not resistant to hostile enchantments, unstealthy
A: no striking features
a: no special abilities


You were on level 3 of the Dungeon.
You were not hungry.

You visited 1 branch of the dungeon, and saw 4 of its levels.

You collected 206 gold pieces.

Inventory:

Hand Weapons
 i - a +0 spear (weapon)
Armour
 a - a +0 robe (worn)
 f - a +1 cloak (worn)
 q - a +0 pair of gloves (worn)
Jewellery
 l - a ring of poison resistance (left hand)
Wands
 t - a wand of slowing (25/48)
Scrolls
 d - 2 scrolls of random uselessness {unknown}
 e - a scroll of teleportation {unknown}
 g - 2 scrolls of remove curse {unknown}
 k - a scroll of fog {unknown}
 m - a scroll of amnesia {unknown}
 n - a scroll of identify {unknown}
 o - 2 scrolls of recharging {unknown}
 p - a scroll of noise {unknown}
 r - a scroll of fear {unknown}
Potions
 h - 2 potions of cancellation {unknown}
 j - 2 potions of ambrosia {unknown}
 s - a potion of degeneration {unknown}
 u - a potion of invisibility {unknown}
 v - a potion of berserk rage {unknown}
 w - a potion of might {unknown}
Books
 b - a book of Conjurations

   Spells                             Type                      Level
   a - Magic Dart                     Conjuration                  1
   b - Searing Ray                    Conjuration                  2
   c - Dazzling Spray                 Conjuration/Hexes            3
   d - Fulminant Prism                Conjuration/Hexes            4
   e - Iskenderun's Mystic Blast      Conjuration                  4
   f - Iskenderun's Battlesphere      Conjuration/Charms           5
Comestibles
 c - 3 bread rations
 x - 4 chunks of flesh


   Skills:
 - Level 2.4 Dodging
 - Level 2.4 Stealth
 + Level 5.0 Spellcasting
 * Level 6.6 Conjurations
 + Level 1.1 Charms


You had 4 spell levels left.
You knew the following spells:

 Your Spells              Type           Power        Failure   Level  Hunger
a - Magic Dart            Conj           ####         1%          1    None
b - Iskenderun's Mystic   Conj           ####....     10%         4    ####...
c - Iskenderun's Battles  Conj/Chrm      ###.....     71%         5    #####..


Dungeon Overview and Level Annotations

Branches:
Dungeon (4/15)
 Temple: D:4-7

Altars:
Ashenzari
Kikubaaqudgha
Okawaru
Pakellas
Sif Muna
Zin

Annotations:
D:4 Robin


Message History

Tha ogre be moderately wounded.
Tha ogre hits ye wit' a giant club!
Castin': Magic Dart Confirm wit' . or Enter, or press ? or * ta list all spells.
Aimin': Magic Dart
Press: ? - help, Shift-Dir - straight line, f/p - ogre
Aim: an ogre, wieldin' a giant club (moderately wounded) Tha magic dart hits tha ogre.
Tha ogre be moderately wounded.
Tha ogre hits ye wit' a giant club!!
Ouch! Tha re'lly hurt!
* * * LOW HITPOINT WARNIN'
* * * A worm comes inta view.
Unknown command.
Ye climb upwards.
Thar be a stone staircase leadin' down 'ere.
Unknown command.
Unknown command.
Tha ogre hits ye wit' a giant club.
Ye die...

..##+#.#...........######.#
.8##...#..................#
..##...............########
.._#...............'..#
..##...............##.#### .8
#...##......#.........# ##
#...##.......##.#...#.# ##
#.####....#.O##.#..<#.########
.###.#
#....#.>@..)............#
.....#
#....#####.#...#.#####.##
###### #....# #.#####.# #...#
##################.......#
#.###
.......)...........####### #.#
##################.# #.# #.#
#.# #.# #.# #.# #.#


You could see an ogre.

Vanquished Creatures
  An orc priest (D:3)
  Ijyb (D:2)
  Jessica (D:3)
  5 adders
  2 oozes
  2 worms
  2 dart slugs
  2 giant geckos
  2 orcs (D:3)
  4 giant cockroaches
  9 goblins
  3 hobgoblins
  10 kobolds
  2 quokkas
  10 bats
  5 giant newts
  5 rats
66 creatures vanquished.

Notes
Turn   | Place    | Note
--------------------------------------------------------------
     0 | D:1      | Heedrag the Deep Elf Conjurer began the quest for the Orb.
     0 | D:1      | Reached XP level 1. HP: 10/10 MP: 6/6
   244 | D:1      | Reached XP level 2. HP: 15/15 MP: 5/8
   359 | D:1      | Reached skill level 5 in Conjurations
   917 | D:2      | Found an iron altar of Okawaru.
   979 | D:2      | Reached XP level 3. HP: 19/19 MP: 4/9
  1432 | D:2      | Reached XP level 4. HP: 24/24 MP: 7/12
  1543 | D:2      | Noticed Ijyb
  1552 | D:2      | Killed Ijyb
  1552 | D:2      | Reached skill level 6 in Conjurations
  1967 | D:3      | Noticed Jessica
  1969 | D:3      | Killed Jessica
  1969 | D:3      | Reached XP level 5. HP: 28/28 MP: 10/14
  2168 | D:3      | Found an ancient bone altar of Kikubaaqudgha.
  2171 | D:3      | Found an oddly glowing altar of Pakellas.
  2173 | D:3      | Found a shattered altar of Ashenzari.
  2352 | D:3      | Found a glowing silver altar of Zin.
  2355 | D:3      | Found a deep blue altar of Sif Muna.
  2361 | D:3      | Learned a level 4 spell: Iskenderun's Mystic Blast
  2367 | D:3      | Learned a level 5 spell: Iskenderun's Battlesphere
  2516 | D:3      | Reached skill level 5 in Spellcasting
  2628 | D:4      | Noticed Robin
  2631 | D:3      | Reached skill level 1 in Charms
  2677 | D:4      | Noticed an ogre
  2680 | D:4      | HP: 1/28 [ogre/giant club (19)]
  2683 | D:3      | Slain by an ogre

Skill      XL: |  1  2  3  4  5 |
---------------+----------------+-----
Conjurations   | 5 6 |  6.6
Spellcasting   | 4 5 |  5.0
Charms         | 1 |  1.1
Dodging        | |  2.4
Stealth        | |  2.4

Action                   |  1- 3 |  4- 6 || total
-------------------------+-------+-------++-------
Melee: Spear             |     1 |     1 ||     2
 Cast: Magic Dart        |    84 |    61 ||   145
 Stab: Sleeping          |       |     1 ||     1
  Eat: Chunk             |     1 |     4 ||     5
Armor: Robe              |     1 |     1 ||     2
Dodge: Dodged            |     8 |     7 ||    15
